 Dungeon Crawl Stone Soup version 0.31-a0-204-g7da18cac08 (webtiles) character file.

Game seed: 4582089708498339836

9564 CoordinateN the Cleaver (level 11, -4/83 HPs)
             Began as a Minotaur Berserker on June 27, 2023.
             Was a High Priest of Trog.
             Slain by an ogre
             ... wielding a +0 giant club
              (16 damage)
             ... on level 2 of the Orcish Mines.
             The game lasted 00:39:19 (10287 turns).

CoordinateN the Cleaver (Minotaur Berserker)       Turns: 10287, Time: 00:39:19

Health: -4/83      AC: 13    Str: 26    XL:     11   Next: 24%
Magic:  3/3        EV: 10    Int:  4    God:    Trog [*****.]
Gold:   84         SH:  0    Dex: 18    Spells: 10/10 levels left

rFire   + . .        b - +7 executioner's axe "Wusmos" {antimagic, Dex+2}
rCold   + . .        (shield currently unavailable)
rNeg    . . .        F - +3 chain mail {rPois}
rPois   +            (helmet restricted)
rElec   .            k - scarf {rC+ rF+}
rCorr   +            l - +0 pair of gloves
SInv    .            (no boots)
Will    ++...        (no amulet) Stlth
                     r - +6 ring of dexterity
HPRegen 1.33/turn    x - ring of resist corrosion
MPRegen 0.08/turn

%: no passive effects
@: strong-willed, on berserk cooldown, regenerating, slowed, very slow
A: horns 2, retaliatory headbutt
a: Renounce Religion, Berserk, Trog's Hand, Brothers in Arms


You were on level 2 of the Orcish Mines.
You worshipped Trog.
Trog was extremely pleased with you.
You visited 3 branches of the dungeon, and saw 13 of its levels.

You collected 653 gold pieces.
You spent 569 gold pieces at shops.

Inventory:

Hand Weapons
 a - a +0 hand axe
 b - the +7 executioner's axe "Wusmos" (weapon) {antimagic, Dex+2}
   (You acquired it on level 6 of the Dungeon)

   Dex:       It affects your dexterity (+2).
 f - a +4 mace of freezing
Armour
 d - a +4 chain mail
 e - a +0 leather armour
 k - a scarf of resistance (worn)
 l - a +0 pair of gloves (worn)
 p - a +1 chain mail
 F - a +3 chain mail of poison resistance (worn)
Jewellery
 j - a +6 ring of dexterity
 o - a ring of flight
 r - a +6 ring of dexterity (left hand)
 w - a ring of fire
 x - a ring of resist corrosion (right hand)
 D - a +5 ring of evasion
Wands
 s - a wand of charming (18) (quivered)
 A - a wand of quicksilver (8)
 E - a wand of iceblast (5)
Scrolls
 h - a scroll of amnesia
 y - a scroll of revelation
 B - a scroll of teleportation
 C - a scroll of enchant weapon
Potions
 c - 2 potions of magic
 g - 4 potions of heal wounds
 i - 4 potions of attraction
 m - 3 potions of ambrosia
 n - 2 potions of degeneration
 q - 8 potions of curing
 t - 3 potions of resistance
 u - 3 potions of mutation
 v - 3 potions of might
 z - a potion of lignification


   Skills:
 - Level 3.8 Fighting
 * Level 14.9(17.3) Axes
 - Level 14.7(17.2) Maces & Flails
 - Level 2.7 Armour
 - Level 2.4 Dodging


You had 10 spell levels left.
You didn't know any spells.
Your spell library was empty.

Dungeon Overview and Level Annotations

Branches:
Dungeon (10/15)            Temple (1/1) D:5            Lair (0/5) D:8
    Orc (1/2) D:10

Altars:
Ashenzari
Cheibriados
Dithmenos
Elyvilon
Fedhas
Gozag
Hepliaklqana
Kikubaaqudgha
Makhleb
Nemelex Xobeh
Okawaru
Qazlal
Ru
Sif Muna
Trog
Uskayaw
Vehumet
Wu Jian
Xom
Yredelemnul
Zin
The Shining One

Shops:
D:9 ?   D:10 [   Orc:2 ?


Innate Abilities, Weirdness & Mutations

You have a pair of horns on your head.
You reflexively headbutt those who attack you in melee.


Message History

Reactivating autopickup.
You feel a bit more experienced.
You slice something!! Trog accepts your kill.
Trog appreciates your killing of a magic user.
You feel a bit more experienced.
An orc sorcerer and an ogre come into view.
The orc sorcerer is wielding a +0 dagger and wearing a +1 robe of willpower.
The orc sorcerer shouts!
The ogre shouts!
You hear a shout!
Items here: %% )))) [[[[.
An orc sorcerer comes into view. It is wielding a +0 dagger.
You feel a strong urge to attack something.
The orc sorcerer shouts!
An orc comes into view. It is wielding a +0 falchion.
The orc sorcerer gestures at you while chanting.
The bolt of negative energy misses you.
You feel your anger nearly subside.
You are no longer berserk.
You are exhausted.
You feel yourself slow down.
You hear some strange, mumbled words.
A bolt of magma appears from out of thin air!
Deactivating autopickup; reactivate with Ctrl-A.
The bolt of magma hits you!! You partially resist.
* * * LOW HITPOINT WARNING * * *
The orc sorcerer casts a spell at you. The bolt of fire hits you! You resist.
* * * LOW HITPOINT WARNING * * *
You hit the ogre. You headbutt the ogre.
The ogre is moderately wounded.
You slash the orc sorcerer!
The orc sorcerer's magic leaks into the air.
The ogre barely misses you.
You hear some strange, mumbled words.
The ogre seems to speed up.
You barely miss the ogre. Your headbutt misses the ogre.
The ogre is moderately wounded.
You hit the orc sorcerer.
The orc sorcerer's magic leaks into the air.
The orc sorcerer's magic is no longer disrupted.
The ogre hits you with a +0 giant club!
You die...

▒▒ ▒∙∙∙ ▒#▒▒▒∙∙▒ ▒▒
▒≈≈▒∙∙≈▒ ∙∙▒
▒≈≈▒∙∙≈▒≈∙∙▒
▒▒#≈8∙∙≈▒≈∙∙▒∙
▒#≈≈∙∙∙∙▒∙∙∙∙∙
▒≈#≈≈∙o∙o∙∙∙∙∙
▒#≈≈≈∙@Oo∙∙∙∙∙
▒≈#≈#∙∙#≈#≈##≈
▒≈≈≈∙∙{≈▒▒▒▒▒▒▒
▒▒≈∙∙∙4#▒▒≈∙8∙
▒≈∙∙84∙▒▒≈∙∙∙ ≈▒
▒≈∙∙)∙∙▒▒≈∙∙∙ ∙#▒
▒#▒■▒O▒▒▒∙∙∙▒ ∙##▒
▒▒▒∙∙ooo4∙∙#▒▒▒▒▒≈#∙∙
▒∙∙∙∙∙O∙∙O≈≈≈≈≈##o∙∙


You could see an ogre mage, 2 ice devils, 3 orc sorcerers, an ogre (fast), an
orc wizard and an orc.

Vanquished Creatures
  2 two-headed ogres
  An orc sorcerer (Orc:2)
  A manticore (D:8)
  2 cyclopes (D:8)
  An elephant (D:8)
  An unseen horror (D:10)
  A troll (D:9)
  A hornet (D:6)
  Grinder (D:4)
  Sigmund (D:2)
  A wraith (D:10)
  A slime creature (D:8)
  A wyvern (D:8)
  5 yaks
  A steam dragon (D:7)
  Menkaure (D:5)
  A water moccasin (D:6)
  2 ice beasts (D:6)
  6 orc warriors
  A black bear (D:8)
  2 sky beasts (D:7)
  A centaur (D:7)
  6 ogres
  A kobold brigand (D:10)
  Blork the orc (D:6)
  3 gnoll sergeants
  2 bullfrogs (D:7)
  11 wights
  3 killer bees (D:8)
  3 howler monkeys
  7 orc priests
  A hound (D:6)
  A jelly (D:6)
  An iguana (D:6)
  Terence (D:2)
  15 orc wizards
  13 gnolls
  5 adders
  A shadow imp (D:7)
  2 white imps (D:7)
  2 ufetubi
  2 worms (D:2)
  A dart slug (D:2)
  46 orcs
  7 endoplasms
  3 giant cockroaches
  3 goblins
  7 hobgoblins
  9 jackals
  4 quokkas
  6 ball pythons
  6 bats
  10 frilled lizards
  12 kobolds
  8 rats
238 creatures vanquished.

Vanquished Creatures (collateral kills)
  A gnoll (D:6)
1 creature vanquished.

Grand Total: 239 creatures vanquished

Notes
Turn   | Place    | Note
-------+----------+-------------------------------------------
     0 | D:1      | CoordinateN the Minotaur Berserker began the quest for the
                  | Orb.
     0 | D:1      | Reached XP level 1. HP: 19/19 MP: 0/0
   126 | D:1      | Reached XP level 2. HP: 27/27 MP: 1/1
   331 | D:1      | Reached XP level 3. HP: 32/33 MP: 2/2
   424 | D:1      | Reached ** piety under Trog
   611 | D:2      | Reached skill level 1 in Maces & Flails
   752 | D:2      | Noticed Sigmund
   757 | D:2      | Killed Sigmund
   758 | D:2      | Reached skill level 5 in Maces & Flails
   758 | D:2      | Reached XP level 4. HP: 40/40 MP: 3/3
   758 | D:2      | Reached XP level 5. HP: 46/46 MP: 4/4
  1064 | D:2      | Noticed Terence
  1078 | D:2      | Killed Terence
  1079 | D:2      | Reached XP level 6. HP: 40/52 MP: 5/5
  1544 | D:3      | Found a faded altar of an unknown god.
  1653 | D:3      | Found a blossoming altar of Fedhas.
  1794 | D:3      | Reached *** piety under Trog
  2727 | D:4      | Noticed Grinder
  2743 | D:4      | Paralysed by Grinder for 5 turns
  2753 | D:4      | Killed Grinder
  2754 | D:4      | Reached XP level 7. HP: 58/58 MP: 6/6
  3118 | D:5      | Entered Level 5 of the Dungeon
  3122 | D:5      | Noticed Menkaure
  3129 | D:5      | Killed Menkaure
  3276 | D:5      | Found a staircase to the Ecumenical Temple.
  3683 | Temple   | Entered the Ecumenical Temple
  3773 | D:6      | Reached skill level 10 in Maces & Flails
  3798 | D:6      | Reached XP level 8. HP: 64/66 MP: 7/7
  4956 | D:6      | Found a sacrificial altar of Ru.
  4956 | D:6      | Found a glowing silver altar of Zin.
  4972 | D:6      | Noticed Blork the orc
  4977 | D:6      | Killed Blork the orc
  4977 | D:6      | Reached **** piety under Trog
  4978 | D:6      | Reached XP level 9. HP: 63/71 MP: 8/8
  5315 | D:6      | Identified a scroll of acquirement
  5315 | D:6      | Acquired the +7 executioner's axe "Wusmos" {antimagic,
                  | Dex+2}
  5777 | D:7      | Reached skill level 5 in Axes
  6227 | D:8      | Noticed a manticore
  6325 | D:8      | Noticed a cyclops
  6382 | D:8      | Noticed a cyclops
  6425 | D:8      | Killed a cyclops
  6441 | D:8      | Reached XP level 10. HP: 23/78 MP: 3/9
  6609 | D:8      | Killed a manticore
  6944 | D:8      | Identified the +1 bardiche "Eneel" {freeze, rF+ rN+}
  6958 | D:8      | Noticed an elephant
  6988 | D:8      | Killed an elephant
  6989 | D:8      | Reached skill level 10 in Axes
  6997 | D:8      | Killed a cyclops
  7194 | D:8      | Found a staircase to the Lair.
  7674 | D:9      | Noticed a two-headed ogre
  7681 | D:8      | Killed a two-headed ogre
  8781 | D:9      | Found Axtublas's Magic Scroll Shop.
  8784 | D:9      | Bought a scroll of enchant armour for 120 gold pieces
  8784 | D:9      | Bought a scroll of blinking for 120 gold pieces
  8953 | D:10     | Entered Level 10 of the Dungeon
  9425 | D:10     | Found Duarowk's Armour Shoppe.
  9427 | D:10     | Found a staircase to the Orcish Mines.
  9574 | D:10     | Noticed a two-headed ogre
  9606 | D:10     | Killed a two-headed ogre
  9607 | D:10     | Reached XP level 11. HP: 83/83 MP: 3/10
 10175 | D:10     | Reached ***** piety under Trog
 10247 | D:10     | Bought a +3 chain mail of poison resistance for 329 gold
                  | pieces
 10260 | Orc:1    | Entered Level 1 of the Orcish Mines
 10262 | Orc:1    | You fall into a shaft and drop 1 floor!
 10262 | Orc:2    | Entered Level 2 of the Orcish Mines
 10262 | Orc:2    | Noticed an ogre mage
 10262 | Orc:2    | Noticed an orc sorcerer
 10263 | Orc:2    | Found Qaxutt's Magic Scroll Shoppe.
 10267 | Orc:2    | Noticed an ogre mage
 10268 | Orc:2    | Noticed an orc sorcerer
 10269 | Orc:2    | Found a radiant altar of Vehumet.
 10279 | Orc:2    | Killed an orc sorcerer
 10281 | Orc:2    | Noticed an orc sorcerer
 10282 | Orc:2    | Noticed an orc sorcerer
 10287 | Orc:2    | Slain by an ogre

Illustrated notes

Levels and vault maps discovered:
D:1:      sevenhm_arrival_forest_fort_small_4, layout_rooms
D:2:      layout_loops_ring, uniq_terence, uniq_sigmund
D:3:      layout_basic, mainiacjoe_overflow_chevrons,
          hellmonk_ecumenical_altar_lost_god,
          wander_ebering_terrifying_dragon_lair
D:4:      layout_cave_pools, uniq_grinder
D:5:      layout_rooms, minmay_temple_entry_wispy, uniq_menkaure
D:6:      layout_gridville, chequers_temple_overflow_statue_of_worship,
          grunt_ministairs_13, uniq_blork_the_orc
D:7:      layout_cave_pools
D:8:      layout_basic, david_lair_generic, minmay_radiant
D:9:      hellmonk_crumbling_castle, layout_basic, serial_shops,
          nicolae_shop_behind_doors
D:10:     layout_cave_pods, orc_david_3, serial_rivers,
          chequers_serial_rivers_small_a, chequers_serial_rivers_micro_a,
          chequers_serial_rivers_small_3, chequers_serial_rivers_room_b
Temple:   hellmonk_temple_of_storms
Orc:1:    layout_caves, nooodl_orcs_dogs, uniq_urug
Orc:2:    kennysheep_orc_mage_school, layout_diamond_mine,
          kennysheep_orc_sif_temple

Skill      XL: |  1  2  3  4  5  6  7  8  9 10 |
---------------+-------------------------------+-----
Axes           | 4 8 14 | 14.9
Maces & Flails | 5 6 8 10 13 14 | 14.7
Fighting       | |  3.8
Armour         | |  2.7
Dodging        | |  2.4

Action                     |  1- 3 |  4- 6 |  7- 9 | 10-12 || total
---------------------------+-------+-------+-------+-------++-------
  Melee: Hand axe          |     7 |       |       |       ||     7
         Mace              |    38 |   103 |    94 |       ||   235
         Headbutt          |     2 |    14 |    25 |    20 ||    61
         Punch             |       |     1 |     1 |       ||     2
         Executioner's axe |       |       |    47 |   109 ||   156
  Throw: Throwing net      |       |       |     1 |       ||     1
 Invoke: Berserk           |     2 |     2 |     4 |     5 ||    13
         Trog's Hand       |     1 |       |     1 |     1 ||     3
  Evoke: Wand              |       |       |     2 |     1 ||     3
    Use: Scroll            |       |    10 |     8 |     8 ||    26
         Potion            |       |     1 |       |     1 ||     2
 Armour: Leather armour    |     6 |    11 |       |       ||    17
         Animal skin       |     1 |       |       |       ||     1
         Chain mail        |       |    60 |    60 |    54 ||   174
  Dodge: Dodged            |    42 |    76 |    97 |    65 ||   280

Table legend: (Time is in decaauts)
 A = Elapsed time spent in this place.
 B = Non-inter-level travel time spent in this place.
 C = Inter-level travel time spent in this place.
 D = Time resting spent in this place.
 E = Time spent auto-exploring this place.
 F = Levels seen in this place.
 G = Mean time per level.
                   A        B        C        D        E       F      G
               +--------+--------+--------+--------+--------+-----+--------+
         Total |  10590 |  10333 |    257 |   2743 |   5535 |  13 |  814.6 |
       Dungeon |  10521 |  10270 |    251 |   2743 |   5498 |  10 | 1052.1 |
        Temple |     44 |     38 |      6 |      0 |     37 |   1 |   44.0 |
  Orcish Mines |     24 |     24 |      0 |      0 |      0 |   2 |   12.0 |
               +--------+--------+--------+--------+--------+-----+--------+

Top non-repeatable levels by time:
     D:6: 1582 daAuts
     D:8: 1521 daAuts
    D:10: 1208 daAuts
     D:3: 1135 daAuts
     D:7: 1116 daAuts
     D:9: 964 daAuts
     D:2: 871 daAuts
     D:5: 778 daAuts
     D:4: 683 daAuts
     D:1: 660 daAuts
  Temple: 44 daAuts
   Orc:2: 22 daAuts
   Orc:1: 1 daAuts
